 Dungeon Crawl Stone Soup version 0.31-a0-1-g4198be8af4 (webtiles) character file.

Game seed: 6001175945608208297

110 NotreDorf the Trooper (level 4, 0/37 HPs)
             Began as a Mummy Fighter on May 1, 2023.
             Slain by a gnoll
             ... wielding a +0 club
              (3 damage)
             ... on level 3 of the Dungeon.
             The game lasted 00:05:40 (2303 turns).

NotreDorf the Trooper (Mummy Fighter)               Turns: 2303, Time: 00:05:41

Health: 0/37       AC:  6    Str: 21    XL:     4   Next: 61%
Magic:  7/7        EV:  9    Int:  7    God:
Gold:   129        SH:  5    Dex: 14    Spells: 7/7 levels left

rFire   x x .        a - +0 flail
rCold   + . .        c - +0 buckler
rNeg    + + +        b - +0 scale mail
rPois   ∞            (no helmet)
rElec   .            (no cloak)
rCorr   .            (no gloves)
SInv    +            (no boots)
Will    .....        (no amulet) Stlth
                     m - ring of Muyrgh {rPois rF- Dex+3 Slay+5 SInv}
HPRegen 0.26/turn    (no ring)
MPRegen 0.10/turn

%: faith
@: no status effects
A: cold resistance 1, negative energy resistance 3, torment resistance 2, heat
vulnerability 1, in touch with death 1, no potions, faith
a: no special abilities


You were on level 3 of the Dungeon.
You visited 1 branch of the dungeon, and saw 3 of its levels.

You collected 129 gold pieces.

Inventory:

Hand Weapons
 a - a +0 flail (weapon)
Missiles
 n - 11 stones (quivered)
Armour
 b - a +0 scale mail (worn)
 c - a +0 buckler (worn)
Jewellery
 f - an amulet of the acrobat
 m - the ring of Muyrgh (left hand) {rPois rF- Dex+3 Slay+5 SInv}
   (You found it on level 2 of the Dungeon)

   [ring of see invisible]

   Dex:       It affects your dexterity (+3).
   Slay:      It affects your accuracy & damage with ranged weapons and melee
   (+5).
   rF:        It makes you vulnerable to fire.
   rPois:     It protects you from poison.
   SInv:      It lets you see invisible.
Scrolls
 d - a scroll of blinking {unknown}
 e - 3 scrolls of identify {unknown}
 g - a scroll of teleportation
 h - a scroll of poison {unknown}
 i - a scroll of amnesia {unknown}
 j - 3 scrolls of magic mapping {unknown}
 k - a scroll of vulnerability {unknown}
 l - a scroll of butterflies {unknown}
 o - a scroll of enchant armour {unknown}


   Skills:
 + Level 3.7 Fighting
 + Level 2.4 Maces & Flails
 - Level 2.4 Armour
 + Level 3.0 Shields
 + Level 2.4 Spellcasting


You had 7 spell levels left.
You didn't know any spells.
Your spell library contained the following spells:

 Spells                   Type           Power      Damage    Failure   Level
 Chain Lightning          Conj/Air       0%         N/A       100%        9
 Fire Storm               Conj/Fire      0%         5d1       100%        9
 Shatter                  Erth           0%         3d5*      100%        9


Dungeon Overview and Level Annotations

Branches:
Dungeon (3/15)

Altars:


Innate Abilities, Weirdness & Mutations

You are immune to poison.
Your flesh is cold resistant. (rC+)
You are immune to negative energy. (rN+++)
You are immune to unholy pain and torment.
You are vulnerable to heat. (rF-)
You are in touch with the powers of death.
You do not drink.
You have a special connection with the divine. (Faith)


Message History

You sock the gnoll!
You kill the gnoll!
The gnoll barely misses you.
The gnoll hits you from afar with a +0 spear!
You closely miss the gnoll. The gnoll hits you with a +0 club.
The gnoll hits you from afar with a +0 spear.
You hit the gnoll.
The gnoll is heavily wounded.
You block the gnoll's attack. x2; The gnoll hits you with a +0 club.
The gnoll hits you but does no damage.
You barely miss the gnoll.
The gnoll is heavily wounded.
The gnoll hits you but does no damage. x2
You barely miss the gnoll.
The gnoll is moderately wounded.
The gnoll barely misses you. The gnoll hits you but does no damage.
You barely miss the gnoll.
The gnoll is moderately wounded.
You block the gnoll's attack. x2; The gnoll closely misses you.
The gnoll barely misses you.
You barely miss the gnoll.
The gnoll is moderately wounded.
The gnoll barely misses you.
The gnoll hits you from afar with a +0 spear.
* * * LOW HITPOINT WARNING * * *
You hit the gnoll.
The gnoll is severely wounded.
You block the gnoll's attack.
The gnoll hits you from afar with a +0 spear.
* * * LOW HITPOINT WARNING * * *
You closely miss the gnoll.
The gnoll is severely wounded.
The gnoll hits you with a +0 club.
* * * LOW HITPOINT WARNING * * *
The gnoll barely misses you.
You hit the gnoll but do no damage.
The gnoll is severely wounded.
The gnoll closely misses you. The gnoll completely misses you.
The gnoll hits you with a +0 club.
You die...

# #. #.### #...#
##### ####.#####
...#### #...l.ggg.
g....# #.##.#####
#g##.###..##......
#@##.....#########
#)....### #
###...############
#..>..............
###.#############.
#.# #.........#
#.# ##.######.#
#.# #.######.#
#.#####......#.#


You could see 2 gnolls.

Vanquished Creatures
  2 gnolls (D:3)
  3 adders (D:3)
  3 worms (D:3)
  A dart slug (D:1)
  9 ball pythons
  5 bats
  3 endoplasms
  A giant cockroach (D:1)
  3 goblins
  5 hobgoblins
  4 jackals (D:2)
  3 kobolds
  2 quokkas (D:1)
  6 frilled lizards
  3 rats
53 creatures vanquished.

Vanquished Creatures (others)
  A bush (D:1)
  A plant (D:1)
2 creatures vanquished.

Grand Total: 55 creatures vanquished

Notes
Turn   | Place    | Note
-------+----------+-------------------------------------------
     0 | D:1      | NotreDorf the Mummy Fighter began the quest for the Orb.
     0 | D:1      | Reached XP level 1. HP: 18/18 MP: 1/1
   114 | D:1      | Reached XP level 2. HP: 23/24 MP: 3/3
   161 | D:1      | Reached skill level 1 in Spellcasting
   739 | D:2      | Gained mutation: You are in touch with the powers of death.
                  | [Mummy growth]
   739 | D:2      | Reached XP level 3. HP: 29/29 MP: 5/5
  1107 | D:2      | Identified the ring of Muyrgh {rPois rF- Dex+3 Slay+5 SInv}
  1744 | D:3      | Reached XP level 4. HP: 29/35 MP: 7/7
  2303 | D:3      | Slain by a gnoll

Illustrated notes

Levels and vault maps discovered:
D:1:      wander_arrival_peaceful_grave, layout_basic, serial_forest,
          infiniplex_forest_straight_4, infiniplex_forest_lined_2,
          infiniplex_forest_clump_curved, infiniplex_forest_corner_1,
          infiniplex_forest_end_double, infiniplex_forest_straight_2,
          infiniplex_forest_end_2, infiniplex_forest_clump_cross
D:2:      layout_basic
D:3:      layout_basic, minmay_misc_feat_chi, minmay_starry_boxes

Skill      XL: |  1  2  3  4 |
---------------+-------------+-----
Spellcasting   | 1 2 |  2.4
Maces & Flails | 2 |  2.4
Shields        | 3 |  3.0
Fighting       | |  3.7
Armour         | |  2.4

Action                     |  1- 3 |  4- 6 || total
---------------------------+-------+-------++-------
  Melee: Flail             |   240 |    42 ||   282
  Throw: Stone             |       |     1 ||     1
    Use: Scroll            |       |     1 ||     1
 Armour: Scale mail        |    89 |    17 ||   106
  Dodge: Dodged            |    88 |    34 ||   122
  Block: Buckler           |    32 |    20 ||    52

Table legend: (Time is in decaauts)
 A = Elapsed time spent in this place.
 B = Non-inter-level travel time spent in this place.
 C = Inter-level travel time spent in this place.
 D = Time resting spent in this place.
 E = Time spent auto-exploring this place.
 F = Levels seen in this place.
 G = Mean time per level.
                   A        B        C        D        E       F      G
               +--------+--------+--------+--------+--------+-----+--------+
         Total |   2395 |   2334 |     61 |    118 |   1623 |   3 |  798.3 |
       Dungeon |   2395 |   2334 |     61 |    118 |   1623 |   3 |  798.3 |
               +--------+--------+--------+--------+--------+-----+--------+

Top non-repeatable levels by time:
     D:3: 873 daAuts
     D:2: 784 daAuts
     D:1: 737 daAuts
